 Dungeon Crawl Stone Soup version 0.31.0-9-g3a7656b989 (webtiles) character file.

Game seed: 14367862541430157822

19 qw the Shooter (level 2, -1/16 HPs)
             Began as a Deep Elf Hunter on Feb 3, 2024.
             Succumbed to their own poison gas
             ... on level 1 of the Dungeon.
             The game lasted 00:00:09 (674 turns).

qw the Shooter (Deep Elf Hunter)                     Turns: 674, Time: 00:00:10

Health: -1/16      AC:  3    Str:  8    XL:     2   Next: 55%
Magic:  4/4        EV: 12    Int: 13    God:
Gold:   37         SH:  0    Dex: 18    Spells: 1/1 levels left

rFire   . . .        a - +0 shortbow
rCold   . . .        (shield currently unavailable)
rNeg    . . .        c - +0 leather armour
rPois   .            (no helmet)
rElec   .            (no cloak)
rCorr   .            (no gloves)
SInv    .            (no boots)
Will    .....        (no amulet)
Stlth   ++           (no ring)
HPRegen 0.22/turn    (no ring)
MPRegen 0.09/turn

%: no passive effects
@: lethally poisoned (-1 -> -13)
A: no striking features
a: no special abilities


You were on level 1 of the Dungeon.
You visited 1 branch of the dungeon, and saw 1 of its levels.

You collected 37 gold pieces.


   Skills:
 - Level 1.5 Fighting
 + Level 6.3 Ranged Weapons
 - Level 2.4 Dodging
 - Level 1.2 Stealth


You had one spell level left.
You didn't know any spells.
Your spell library was empty.

Inventory:

Hand Weapons
 a - a +0 shortbow (weapon)
Armour
 c - a +0 leather armour (worn)
Potions
 d - a potion of invisibility {unknown}
 e - a potion of curing {unknown}
 g - a potion of attraction {unknown}

Dungeon Overview and Level Annotations

Branches:
Dungeon (1/15)

Altars:


Message History

There is an escape hatch in the floor here.
You open the door.
There is an open door here.
There is an open door here.
You open the door.
There is an open door here.
You open the door.
There is an open door here.
Done exploring.
Done exploring.
669 ||| READING scroll labelled TOT OSUZUUDUHY.
The air fills with toxic fumes!
As you read the scroll labelled TOT OSUZUUDUHY, it crumbles to dust.
It was a scroll of poison.
Done exploring.
670 ||| READING scroll labelled UMMEBB FOLLOARPH.
As you read the scroll labelled UMMEBB FOLLOARPH, it dissolves into smoke.
It was a scroll of fog.
Done exploring.
671 ||| DROPPING scroll of butterflies.
You drop a scroll of butterflies.
Done exploring.
What level of the Dungeon? (default 1, ? - help) Sorry, I don't know how to get there.
Enter note:
Enter note:
Enter note:
Enter note:
Enter note:
Enter note:
Enter note:
Enter note:
Enter note: You are engulfed in poison gas.
You are lethally poisoned!
You feel very sick.
673 ||| Stepping ~*~*~tactically~*~*~ (cloud).
You feel very sick.
You see here a scroll of butterflies.
There is a lethal amount of poison in your body!
You die...

###### ############
##..... #¤¤¤¤¤¤@¤¤¤#
##..#### #¤¤¤¤¤¤¤¤0¤#
####..#####
#¤¤¤¤¤¤¤¤¤¤###.........#
#¤¤¤¤¤¤¤¤¤¤##..##.####.#
#¤¤¤¤¤¤¤¤¤¤¤¤.###.####.#
#¤¤¤¤¤¤¤¤¤¤¤### #.......
#¤¤¤¤¤¤¤¤0¤## ######..
#¤¤¤¤¤¤¤¤0¤# ##...####
#..........# #.....# #


There were no monsters in sight!

Vanquished Creatures
  2 ball pythons (D:1)
  2 bats (D:1)
  2 endoplasms (D:1)
  2 giant cockroaches (D:1)
  A goblin (D:1)
  3 hobgoblins (D:1)
  3 kobolds (D:1)
  2 rats (D:1)
17 creatures vanquished.

Notes
Turn   | Place    | Note
-------+----------+-------------------------------------------
     0 | D:1      | qw the Deep Elf Hunter began the quest for the Orb.
     0 | D:1      | Reached XP level 1. HP: 12/12 MP: 3/3
     0 | D:1      | 0 ||| qw: Version: 0.3-a-155-g5e7d8dd
     0 | D:1      | 0 ||| qw: Game counter: 3007
     0 | D:1      | 0 ||| qw: Melee chars always use a shield: true
     0 | D:1      | 0 ||| qw: God list: Okawaru
     0 | D:1      | 0 ||| qw: Allow faded altars: false
     0 | D:1      | 0 ||| qw: Do Orc after clearing Dungeon:15 true
     0 | D:1      | 0 ||| qw: Do second Lair branch before Depths: true
     0 | D:1      | 0 ||| qw: Lair rune preference: random
     0 | D:1      | 0 ||| qw: Goals: Normal
     0 | D:1      | 0 ||| PLANNING D:1-11
   146 | D:1      | Reached skill level 6 in Ranged Weapons
   146 | D:1      | Reached XP level 2. HP: 16/16 MP: 4/4
   225 | D:1      | Found a faded altar of an unknown god.
   669 | D:1      | 669 ||| READING scroll labelled TOT OSUZUUDUHY.
   670 | D:1      | 670 ||| READING scroll labelled UMMEBB FOLLOARPH.
   671 | D:1      | 671 ||| DROPPING scroll of butterflies.
   673 | D:1      | 673 ||| Stepping ~*~*~tactically~*~*~ (cloud).
   673 | D:1      | HP: 2/16 [poisoned by you (poison gas)]
   674 | D:1      | Succumbed to their own poison gas

Levels and vault maps discovered:
D:1:      noname_arrival_rooms_in_the_neighbourhood, layout_basic,
          basic_ecumenical_altar, st_stairs_1, minmay_tripent

Skill      XL: |  1 |
---------------+----+-----
Ranged Weapons | 6 |  6.3
Fighting       | |  1.5
Dodging        | |  2.4
Stealth        | |  1.2

Action                     || total
---------------------------++-------
   Fire: Shortbow          ||    46
    Use: Scroll            ||     2
 Armour: Leather armour    ||    16
  Dodge: Dodged            ||    21

Table legend:
 A = Non-vault XP
 B = Vault XP
 C = Vault XP percentage of total XP
 D = Non-vault monster count
 E = Vault monster count
 F = Vault count percentage of total count
                 A         B        C        D         E       F
            +---------+---------+-------+---------+---------+-------
      Total |      22 |       6 |  21.4 |      14 |       3 |  17.6
            +---------+---------+-------+---------+---------+-------
        D:1 |      22 |       6 |  21.4 |      14 |       3 |  17.6
            +---------+---------+-------+---------+---------+-------
